 Dungeon Crawl Stone Soup version 0.29.1-13-g9f3cf754e1 (webtiles) character file.

Game seed: 1297909690610271620

30 Descartes the Ducker (level 3, 0/17 HPs)
             Began as a Felid Monk on Jan 29, 2023.
             Slain by an adder (4 damage)
             ... on level 2 of the Dungeon.
             The game lasted 00:01:06 (1870 turns).

Descartes the Ducker (Felid Monk)                   Turns: 1870, Time: 00:01:07

Health: 0/17       AC:  1    Str:  9    XL:     3   Next: 5%
Magic:  4/4        EV: 19    Int: 11    God:
Gold:   87         SH:  0    Dex: 18    Spells: 2/2 levels left
                                        Lives:  0   Deaths: 0

rFire   . . .      SeeInvis +     - Unarmed
rCold   + . .      Faith    .   (shield unavailable)
rNeg    . . .      Spirit   .   (body armour unavailable)
rPois   .          Reflect  .   (helmet unavailable)
rElec   .          Harm     .   (cloak unavailable)
rCorr   .          Rampage  .   (gloves unavailable)
Will    .....                   (boots unavailable)
Stlth   +++.......              (no amulet)
HPRegen 0.05/turn               h - ring of protection from cold
MPRegen 0.09/turn               (no ring)

@: lethally poisoned (0 -> -1), quick
A: very small, claws 1, fangs 3, see invisible, speed 1, shaggy fur 1, stealthy
paws, no weapons or thrown items, no armour, multi-lived
a: no special abilities


You were on level 2 of the Dungeon.
You visited 1 branch of the dungeon, and saw 2 of its levels.

You collected 87 gold pieces.

Inventory:

Jewellery
 h - a ring of protection from cold (left paw)
Scrolls
 b - 4 scrolls of teleportation {unknown}
 e - 2 scrolls of identify {unknown}
 f - a scroll of silence {unknown}
 g - a scroll of poison {unknown}
 i - a scroll of summoning {unknown}
 j - a scroll of immolation {unknown}
 k - a scroll of fear {unknown}
Potions
 a - a potion of ambrosia
 c - 2 potions of lignification {unknown}
 d - a potion of might {unknown}
 l - a potion of heal wounds {unknown}


   Skills:
 + Level 3.2 Fighting
 + Level 4.3 Dodging
 + Level 3.3 Stealth
 + Level 3.2 Unarmed Combat
 + Level 1.1 Evocations


You had 2 spell levels left.
You didn't know any spells.
Your spell library contained the following spells:

 Spells                   Type           Power      Damage    Failure   Level
 Frozen Ramparts          Ice            0%         1d1       71%         3
 Ice Form                 Ice/Tmut       0%         N/A       98%         4
 Summon Ice Beast         Ice/Summ       0%         N/A       98%         4


Dungeon Overview and Level Annotations

Branches:
Dungeon (2/15)

Altars:


Innate Abilities, Weirdness & Mutations

You have sharp claws.
You have razor-sharp teeth.
You have supernaturally acute eyesight. (SInv)
You cover ground quickly. (Speed+)
You are covered in fur. (AC +1)
Your paws help you pounce on unaware monsters.
You are incapable of wielding weapons or throwing items.
You cannot wear armour.
You gain extra lives every three experience levels.


Message History

A kobold comes into view. It is wielding a +0 whip.
A kobold is nearby!
Found a spear.
The kobold shouts!
The kobold throws a stone.
The stone hits you.
The kobold throws a stone.
The stone misses you.
You barely miss the kobold.
An adder comes into view.
The kobold hits you with a +0 whip.
You barely miss the kobold. The kobold misses you.
You barely miss the kobold.
The adder hisses angrily.
You bite the kobold, but do no damage. You scratch the adder but do no damage.
The kobold misses you. The adder bites you.
You are poisoned.
The adder poisons you!
You barely miss the adder.
You feel sick. The kobold completely misses you.
The adder completely misses you.
You closely miss the adder.
You feel sick. The adder bites you. The kobold closely misses you.
You are too injured to fight recklessly!
You are too injured to fight recklessly!
You are too injured to fight recklessly!
You are too injured to fight recklessly!
You are too injured to fight recklessly!
You are too injured to fight recklessly!
You are too injured to fight recklessly!
You are too injured to fight recklessly!
You are too injured to fight recklessly!
You are too injured to fight recklessly!
You are too injured to fight recklessly!
You are too injured to fight recklessly!
There are monsters nearby!
Unknown command.
You closely miss the adder.
You feel sick. The adder completely misses you.
The kobold hits you with a +0 whip.
* * * LOW HITPOINT WARNING * * *
The adder bites you.
You die...

######.#..##.#.#
#.........##.#.#
#########......#
#........#
###.#......###
#.............
#.###..##...##
#. #...)..$# #
#.@S..#.#
#.K...#.#
#.....# #
#.....# #.###.#
.. .# #. .# ..


You could see an adder and a kobold.

Vanquished Creatures
  2 endoplasms (D:1)
  A giant cockroach (D:1)
  4 goblins
  2 hobgoblins (D:1)
  6 kobolds (D:1)
  3 quokkas (D:1)
  3 ball pythons (D:1)
  2 bats (D:1)
  2 frilled lizards
  4 rats
29 creatures vanquished.

Notes
Turn   | Place    | Note
-------+----------+-------------------------------------------
     0 | D:1      | Descartes the Felid Monk began the quest for the Orb.
     0 | D:1      | Reached XP level 1. HP: 10/10 MP: 2/2
   482 | D:1      | Reached XP level 2. HP: 10/14 MP: 3/3
  1092 | D:1      | Reached skill level 1 in Evocations
  1686 | D:2      | Reached XP level 3. HP: 17/17 MP: 4/4
  1870 | D:2      | Slain by an adder

Illustrated notes

Levels and vault maps discovered:
D:1:      nicolae_arrival_memento_mori, layout_basic, serial_forest,
          infiniplex_forest_straight_2, infiniplex_forest_lined_1,
          infiniplex_forest_clump_small, infiniplex_forest_pool,
          infiniplex_forest_clump_medium, infiniplex_forest_straight_5,
          infiniplex_forest_clump_long
D:2:      layout_basic, minmay_split_cup_small

Skill      XL: |  1  2 |
---------------+-------+-----
Stealth        | 3 |  3.3
Evocations     | 1 |  1.1
Fighting       | |  3.2
Dodging        | |  4.3
Unarmed Combat | |  3.2

Action                   || total
-------------------------++-------
Melee: Unarmed           ||    64
       Bite              ||     4
 Stab: Sleeping          ||     8
Armor: Skin              ||     1
Dodge: Dodged            ||    38
